Map: Queda Cerúlea LE

Players

Vicster

  • Race: Terran Terran
  • League: Gold
  • Spawn Location: 1:00

Montilla - Winner!

  • Race: Protoss Protoss
  • League: Gold
  • Spawn Location: 7:00

VOD

Have the link to the VOD?

Description

Time

  • Played on: Jan. 5, 2019, 11:41 a.m.
  • Length: 7:17
Show
View Real Time Build Order
Export as new Build Order

Vicster Terran 

Build Orders:  

Get SALT Encoding   

  12  0:02  SCV  
  13  0:21  SCV  
  13  0:23  Supply Depot  
  14  0:33  SCV  
  15  0:36  Refinery  
  15  0:46  SCV  
  15  0:48  Barracks  
  16  0:58  SCV  
  17  1:10  SCV  
  18  1:22  SCV  
  18  1:25  Barracks  
  19  1:26  Barracks  
  19  1:37  Orbital Command  
  19  1:46  Supply Depot  
  19  1:49  Marine  
  20  2:02  SCV  
  20  2:06  Refinery  
  21  2:12  Factory  
  21  2:18  Barracks Reactor  
  21  2:25  SCV, Supply Depot  
  21  2:27  Marine  
  23  2:31  Marine  
  24  2:37  SCV  
  25  2:46  Barracks Tech Lab  
  25  2:47  Supply Depot  
  25  2:49  Barracks Tech Lab, SCV  
  26  2:59  Factory Tech Lab  
  26  3:01  SCV  
  26  3:04  Factory  
  27  3:13  Starport  
  27  3:14  SCV  
  27  3:15  Marine x2  
  30  3:26  Stimpack  
  30  3:27  Marine, SCV  
  32  3:36  Supply Depot  
  32  3:39  Marine, SCV  
  34  3:45  Combat Shield  
  34  3:47  Marine  
  35  3:58  SCV  
  36  4:06  Cyclone  
  39  4:10  SCV  
  40  4:20  Supply Depot  
  40  4:22  SCV  
  41  4:29  Command Center  
  41  4:31  Medivac  
  41  4:33  Marine  
  40  4:53  Cyclone  
  41  5:13  Marine x3  
  41  5:14  Marine  
  43  5:25  Supply Depot  
  43  5:29  Engineering Bay  
  43  5:30  SCV  
  43  5:31  Marine x2  
Show
View Real Time Build Order
Export as new Build Order

Montilla Protoss - Winner!

Build Orders: Proxy Void Ray 

Get SALT Encoding   

  1  0:00  Probe  
  13  0:07  Probe  
  14  0:24  Pylon  
  14  0:25  Probe  
  15  0:35  Assimilator  
  15  0:42  Probe  
  16  0:57  Gateway  
  16  0:58  Probe  
  17  1:06  Probe  
  18  1:16  Probe  
  18  1:19  Pylon  
  18  1:24  Assimilator  
  19  1:29  Probe  
  20  1:33  Forge  
  20  1:41  Probe  
  21  1:49  Cybernetics Core  
  21  1:53  Probe, Pylon  
  22  2:05  Probe  
  23  2:10  Photon Cannon  
  23  2:19  Photon Cannon  
  23  2:33  Stargate  
  23  2:40  Stargate  
  23  2:46  Shield Battery  
  23  2:55  Shield Battery  
  23  3:02  Shield Battery  
  23  3:08  Stalker  
  25  3:23  Void Ray, Pylon  
  29  3:41  Void Ray  
  33  4:08  Void Ray  
  37  4:23  Pylon  
  37  4:35  Void Ray  
  41  4:58  Void Ray  
  45  5:33  Void Ray  
  49  5:49  Void Ray  
  49  5:53  Shield Battery  
  49  5:54  Shield Battery  
  49  5:55  Shield Battery  
  49  5:57  Pylon  
Tags
 
Add a new tag
Caveats
  • Supply blocks, unpowered buildings, or Contaminate may cause inaccurate times.
  • Supply counts are checked every 10 seconds.